AoeStats
← sanyifong

Arena

505131203Analyzed
1v1 RM · 26d ago on Sep 8, 2026· 34m 18s· 2 players
Game mode
Random Map
Map size
Tiny (2 player)
Population
200
Speed
Normal
Resources
Standard
Victory
Conquest
Starting age
Dark Age
Ending age
Imperial Age
RankedLock teamsTeams togetherTeam positionsShared explorationLock speedFull tech treeHidden civsTurbo modeCheats
Victory
Defeat
🇦🇺 Portuguese · Australia
741
+16
🇬🇹 Bohemians · Guatemala
738
-16
sanyifong
9:56 Feudal Age
10:56 Double-Bit Axe
10:53 Horse Collar
14:13 Loom
18:08 Castle Age
19:27 Pikeman
21:59 Bow Saw
21:52 Heavy Plow
24:54 Wheelbarrow
24:05 Town Watch
25:20 Squires
27:33 Arson
29:32 Fortified Wall
30:24 Chemistry
29:57 Ballistics
31:41 Hand Cart
33:05 Forging
32:49 Fletching
33:32 Husbandry
Andresc07
10:53 Feudal Age
10:26 Loom
15:49 Castle Age
14:38 Double-Bit Axe
15:07 Stone Mining
15:09 Horse Collar
17:40 Wheelbarrow
18:14 Heavy Plow
20:27 Hand Cart
22:22 Gold Mining
22:59 Town Watch
24:12 Bow Saw
30:16 Imperial Age
28:19 Murder Holes
29:24 Forging
29:20 Scale Barding Armor
29:16 Scale Mail Armor
28:52 Pikeman
30:11 Town Patrol
32:04 Chemistry
30:45 Treadmill Crane
33:06 Stone Shaft Mining
34:19 Ballistics
Connection lost

Rejoining the realm…

Still unreachable

The connection could not be restored.

Session expired

The server has moved on; the page needs a fresh start.